 Dungeon Crawl Stone Soup version 0.31-a0-1074-g0b22e4e0f1 (webtiles) character file.

Game seed: 9457047950754734288

53 grandjackal the Slasher (level 3, -4/31 HPs)
             Began as a Draconian Gladiator on Nov 30, 2023.
             Killed from afar by an orc wizard (11 damage)
             ... with a puff of flame
             ... on level 3 of the Dungeon.
             The game lasted 00:02:45 (1668 turns).

grandjackal the Slasher (Draconian Gladiator)       Turns: 1668, Time: 00:02:45

Health: -4/31      AC:  5    Str: 16    XL:     3   Next: 62%
Magic:  3/3        EV: 13    Int:  8    God:
Gold:   109        SH:  0    Dex: 14    Spells: 2/2 levels left

rFire   . . .        a - +0 long sword
rCold   + . .        (no shield)
rNeg    . . .        (body armour unavailable)
rPois   .            b - +0 hat
rElec   .            (no cloak)
rCorr   .            (no gloves)
SInv    .            (no boots)
Will    .....        (no amulet)
Stlth   +            v - ring of protection from cold
HPRegen 0.25/turn    (no ring)
MPRegen 0.08/turn

%: no passive effects
@: confused
A: AC +5, unfitting armour, cold-blooded
a: no special abilities


You were on level 3 of the Dungeon.
You visited 1 branch of the dungeon, and saw 3 of its levels.

You collected 109 gold pieces.

Inventory:

Hand Weapons
 a - a +0 long sword (weapon)
 e - a +0 rapier
Missiles
 c - 3 throwing nets
 d - a javelin
 r - 6 boomerangs (quivered)
Armour
 b - a +0 hat (worn)
Jewellery
 v - a ring of protection from cold (left hand)
Scrolls
 h - a scroll of vulnerability {unknown}
 i - 4 scrolls of identify {unknown}
 j - a scroll of fear {unknown}
 m - 3 scrolls of teleportation {unknown}
 n - a scroll of silence {unknown}
 p - a scroll of butterflies {unknown}
 s - a scroll of immolation {unknown}
 t - a scroll of enchant weapon {unknown}
 u - a scroll of fog {unknown}
Potions
 f - 2 potions of haste {unknown}
 g - 2 potions of heal wounds {unknown}
 k - a potion of magic {unknown}
 l - a potion of curing {unknown}
 o - a potion of enlightenment {unknown}
 q - a potion of berserk rage {unknown}
 w - a potion of cancellation {unknown}


   Skills:
 + Level 3.1 Fighting
 + Level 3.6 Long Blades
 - Level 1.7 Throwing
 + Level 3.2 Dodging


You had 2 spell levels left.
You didn't know any spells.
Your spell library contained the following spells:

 Spells                   Type           Power      Damage    Failure   Level
 Magic Dart               Conj           0%         1d3       41%         1
 Searing Ray              Conj           0%         2d4       54%         2
 Fulminant Prism          Conj/Hex       0%         3d5       99%         4


Dungeon Overview and Level Annotations

Branches:
Dungeon (3/15)

Altars:

Annotations:
D:3 1 runed translucent door, Crazy Yiuf


Innate Abilities, Weirdness & Mutations

Your plain brown scales are hard. (AC +5)
You cannot fit into any form of body armour.
You are cold-blooded and may be slowed by cold attacks.


Message History

The goblin is moderately wounded.
The goblin hits you but does no damage.
The orc wizard hits you with a +0 dagger.
The goblin hits you with a +0 club.
You bump into the rock wall.
The orc wizard barely misses you. The goblin hits you but does no damage.
You hit the orc wizard but do no damage.
The orc wizard gestures at you while chanting.
The magic dart hits you. The goblin closely misses you.
You are too injured to fight recklessly!
You bump into the rock wall.
You feel less confused.
The orc wizard hits you with a +0 dagger.
* * * LOW HITPOINT WARNING * * *
The goblin hits you but does no damage.
You hit the orc wizard but do no damage.
You tail-slap the orc wizard.
The orc wizard is moderately wounded.
The orc wizard hits you but does no damage.
The goblin hits you but does no damage.
You hit the orc wizard.
The orc wizard is heavily wounded.
The orc wizard hits you but does no damage.
The goblin misses you.
The orc wizard hits you with a +0 dagger.
* * * LOW HITPOINT WARNING * * *
You closely miss the orc wizard.
The orc wizard is heavily wounded.
The goblin closely misses you.
The orc wizard hits you but does no damage.
The goblin barely misses you.
You hit the orc wizard.
Your tail-slap misses the orc wizard.
The orc wizard is severely wounded.
The orc wizard gestures at you while chanting.
You are confused.
The goblin hits you but does no damage.
You're too confused to move!
The orc wizard gestures at you while chanting.
The puff of flame hits you!
You die...

#############...
#.........##....
###.........##....
#.........$.......
#.................
#.................
#.................
#.g...........>...
#@o...........)...
####..............
#..............
..............
..............
....... .......
.......


You could see an orc wizard and a goblin.

Vanquished Creatures
  An adder (D:3)
  A dart slug (D:3)
  6 ball pythons
  4 endoplasms
  A giant cockroach (D:2)
  5 goblins
  4 hobgoblins
  2 jackals (D:1)
  4 quokkas
  4 bats
  4 frilled lizards
  3 rats
39 creatures vanquished.

Notes
Turn   | Place    | Note
-------+----------+-------------------------------------------
     0 | D:1      | grandjackal the Draconian Gladiator began the quest for the
                  | Orb.
     0 | D:1      | Reached XP level 1. HP: 17/17 MP: 1/1
   232 | D:1      | Reached XP level 2. HP: 23/25 MP: 2/2
   907 | D:2      | Found a faded altar of an unknown god.
  1131 | D:2      | Reached XP level 3. HP: 30/30 MP: 3/3
  1438 | D:3      | Found a runed translucent door.
  1439 | D:3      | Noticed Crazy Yiuf
  1668 | D:3      | Killed from afar by an orc wizard

Illustrated notes

Levels and vault maps discovered:
D:1:      evilmike_arrival_hilbert_curve, layout_basic, hex_large,
          chequers_serial_rivers_large_a, amcnicky_mini_pool_small
D:2:      layout_basic, dreamdust_ecumenical_altar_statues,
          hangedman_decor_clover_reticule
D:3:      layout_basic, gup_sewer_entry_bowl, biasface_ghost_orc_armoury,
          minmay_misc_feat_ornament, skrybe_limestone_x, uniq_crazy_yiuf_cottage

Skill      XL: |  1  2  3 |
---------------+----------+-----
Dodging        | 3 |  3.2
Fighting       | 3 |  3.1
Long Blades    | |  3.6
Throwing       | |  1.7

Action                     || total
---------------------------++-------
  Melee: Long sword        ||    95
         Tailslap          ||    10
         Punch             ||     1
   Stab: Sleeping          ||     2
         Distracted        ||     1
 Armour: Skin              ||    58
  Dodge: Dodged            ||    67

Table legend: (Time is in decaauts)
 A = Elapsed time spent in this place.
 B = Non-inter-level travel time spent in this place.
 C = Inter-level travel time spent in this place.
 D = Time resting spent in this place.
 E = Time spent auto-exploring this place.
 F = Levels seen in this place.
 G = Mean time per level.
                   A        B        C        D        E       F      G
               +--------+--------+--------+--------+--------+-----+--------+
         Total |   1703 |   1652 |     51 |     31 |   1151 |   3 |  567.7 |
       Dungeon |   1703 |   1652 |     51 |     31 |   1151 |   3 |  567.7 |
               +--------+--------+--------+--------+--------+-----+--------+

Top non-repeatable levels by time:
     D:1: 890 daAuts
     D:2: 546 daAuts
     D:3: 267 daAuts
